 Dungeon Crawl Stone Soup version 0.29.0-4-gdea44cf6ec (webtiles) character file.

Game seed: 13340684748289248834

171 qw the Chopper (level 5, -2/32 HPs)
             Began as a Gargoyle Fighter on Sept 6, 2022.
             Slain by a worm (3 damage)
             ... on level 3 of the Dungeon.
             The game lasted 00:01:04 (2172 turns).

qw the Chopper (Gargoyle Fighter)                   Turns: 2172, Time: 00:01:05

Health: -2/32      AC: 13    Str: 20    XL:     5   Next: 51%
Magic:  4/4        EV:  9    Int:  8    God:
Gold:   161        SH:  4    Dex: 13    Spells: 4/4 levels left

rFire   + . .      SeeInvis .   Y - +0 war axe
rCold   . . .      Faith    .   c - +0 buckler
rNeg    + . .      Spirit   .   b - +0 scale mail
rPois   inf        Reflect  .   (no helmet)
rElec   +          Harm     .   m - +1 cloak
rCorr   .          Rampage  .   (no gloves)
Will    .....                   (no boots)
Stlth   ..........              (no amulet)
HPRegen 0.10/turn               (no ring)
MPRegen 0.09/turn               (no ring)

@: no status effects
A: sickness immunity, AC +4, negative energy resistance 1, electricity
resistance, torment resistance 1, petrification resistance, agile 1, fire
resistance 1, low MP 1, mutation resistance 1
a: no special abilities


You were on level 3 of the Dungeon.
You visited 1 branch of the dungeon, and saw 3 of its levels.

You collected 210 gold pieces.
You spent 49 gold pieces at shops.


Innate Abilities, Weirdness & Mutations

You are immune to sickness and miasma.
Your stone body is resilient. (AC +4)
You are immune to poison.
You resist negative energy. (rN+)
You are resistant to electric shocks. (rElec)
You are resistant to unholy torment.
You are immune to petrification.
You are agile. (Dex +4, Str/Int -1)
Your flesh is heat resistant. (rF+)
Your magical capacity is low. (-10% MP)
You are somewhat resistant to further mutation.


   Skills:
 - Level 3.2 Fighting
 + Level 4.8 Axes
 - Level 3.2 Armour
 - Level 1.1 Dodging
 - Level 3.2 Shields


You had 4 spell levels left.
You didn't know any spells.
Your spell library was empty.

Inventory:

Hand Weapons
 n - a +0 whip
 Y - a +0 war axe (weapon)
Missiles
 j - 2 boomerangs (quivered)
Armour
 b - a +0 scale mail (worn)
 c - a +0 buckler (worn)
 m - a +1 cloak (worn)
Scrolls
 h - 2 scrolls of identify
 k - a scroll of teleportation {unknown}
Potions
 a - a potion of ambrosia {unknown}
 d - a potion of might
 e - a potion of heal wounds {unknown}
 f - 2 potions of curing {unknown}
 g - a potion of mutation
 i - a potion of attraction {unknown}

Dungeon Overview and Level Annotations

Branches:
Dungeon (3/15)

Altars:

Shops:
D:1 [   D:3 [


Message History

The orc wizard barely misses you.
The orc wizard hits you but does no damage.
You barely miss the worm. You miss the orc wizard. You hit the orc wizard.
The worm barely misses you.
The orc wizard points at you and mumbles some strange words.
The magic dart hits you but does no damage.
The orc wizard points at you and mumbles some strange words.
The puff of flame hits you but does no damage.
You closely miss the worm. You barely miss the orc wizard.
You hit the orc wizard. The orc wizard casts a spell at you.
You resist with some effort. The orc wizard closely misses you.
The worm bites you but does no damage.
You're too confused to move!
You feel less confused.
The orc wizard gestures wildly while chanting.
The orc wizard flickers and vanishes!
Deactivating autopickup; reactivate with Ctrl-A.
The orc wizard hits you with a +0 dagger.
You block the worm's attack.
You slash the orc wizard!
You kill the orc wizard!
You slash the worm! You miss something. Something hits you but does no damage.
You block something's attack.
You barely miss the worm.
The worm is heavily wounded.
You hit something.
Reactivating autopickup.
You feel a bit more experienced. The worm bites you but does no damage.
You hit the worm.
The worm is heavily wounded.
The worm barely misses you.
You slash the worm!
The worm is severely wounded.
The worm bites you.
You barely miss the worm.
The worm is severely wounded.
The worm bites you.
You die...

. ... ########.o...
##....oow.....
#########..######.....
#######.........## ...
####...........))).# < .
.....#####......@).# .# ######
#.......w.# .# #.........# #.#
###### #.........# ##.. .....#
#[......[.# #.. ...###
#........># #.# .### #.........#
##.######### #######
#.........###......##...
......####.##########............


You could see a worm.

Vanquished Creatures
  3 orc wizards (D:3)
  4 adders
  A shadow imp (D:3)
  A worm (D:3)
  A dart slug (D:1)
  5 orcs (D:3)
  A bat (D:2)
  4 endoplasms
  4 giant cockroaches
  4 goblins
  4 hobgoblins
  3 jackals (D:3)
  9 kobolds
  5 quokkas
  6 ball pythons
  3 frilled lizards
  5 rats
63 creatures vanquished.

Notes
Turn   | Place    | Note
-------+----------+-------------------------------------------
     0 | D:1      | qw the Gargoyle Fighter began the quest for the Orb.
     0 | D:1      | Reached XP level 1. HP: 14/14 MP: 1/1
     0 | D:1      | 0 ||| qw: Version: 0.1-a-107-g9ff403c
     0 | D:1      | 0 ||| qw: Game counter: 6162
     0 | D:1      | 0 ||| qw: Always use a shield: true
     0 | D:1      | 0 ||| qw: God list: Okawaru
     0 | D:1      | 0 ||| qw: Allow faded altars: false
     0 | D:1      | 0 ||| qw: Do Orc after D:15 true
     0 | D:1      | 0 ||| qw: Do second Lair branch before Depths: true
     0 | D:1      | 0 ||| qw: Lair rune preference: random
     0 | D:1      | 0 ||| qw: Plans: Normal, Zot, God:TSO, Crypt, Tomb, Zig,
                  | Orb
     0 | D:1      | 0 ||| PLANNING D:1-11
    43 | D:1      | Found a faded altar of an unknown god.
   131 | D:1      | Reached skill level 2 in Axes
   158 | D:1      | Found Lacy's Armour Shoppe.
   214 | D:1      | 214 ||| BUYING +0 cloak (49 gold).
   214 | D:1      | Bought a +0 cloak for 49 gold pieces
   214 | D:1      | 214 ||| SHOPLISTING +0 helmet (49 gold, have 1).
   214 | D:1      | 214 ||| SHOPLISTING +2 pair of gloves of stealth (236 gold,
                  | have 1).
   214 | D:1      | 214 ||| SHOPLISTING +8 crystal plate armour of the Known
                  | World {Contam Int+6} (1348 gold, have 1).
   233 | D:1      | Reached XP level 2. HP: 19/19 MP: 2/2
   415 | D:1      | 415 ||| DROPPING +0 club.
   426 | D:1      | You fall into a shaft and drop 1 floor!
   451 | D:2      | 451 ||| Stepping ~*~*~tactically~*~*~ (stealth).
   484 | D:2      | Reached skill level 3 in Axes
   484 | D:2      | Reached XP level 3. HP: 19/23 MP: 3/3
   543 | D:2      | 543 ||| UPGRADING to +0 cloak.
   548 | D:2      | 548 ||| READING scroll labelled INAPRAF ELUIKA.
   549 | D:2      | 549 ||| READING scroll labelled OWYRUA ADIUXYHI.
   650 | D:2      | 650 ||| READING scroll labelled FEUPSYLUUDD.
   651 | D:2      | 651 ||| DRINKING 2 murky brown potions.
   651 | D:2      | Gained mutation: Your flesh is heat resistant. (rF+)
                  | [potion of mutation]
   651 | D:2      | Gained mutation: Your magical capacity is low. (-10% MP)
                  | [potion of mutation]
   651 | D:2      | Gained mutation: You are agile. (Dex +4, Str/Int -1)
                  | [potion of mutation]
   651 | D:2      | Gained mutation: You are somewhat resistant to further
                  | mutation. [potion of mutation]
   652 | D:2      | 652 ||| DRINKING 2 silvery potions.
   653 | D:2      | 653 ||| DROPPING potion of invisibility.
   686 | D:1      | 686 ||| Stepping ~*~*~tactically~*~*~ (stealth).
   799 | D:1      | 799 ||| READING scroll of enchant armour.
   799 | D:1      | 799 ||| ENCHANTING +0 cloak.
  1098 | D:1      | 1098 ||| READING scroll labelled GUPPYC PAMOIDU.
  1422 | D:2      | 1422 ||| Stepping ~*~*~tactically~*~*~ (stealth).
  1423 | D:2      | 1423 ||| Stepping ~*~*~tactically~*~*~ (stealth).
  1591 | D:2      | Reached XP level 4. HP: 26/28 MP: 3/3
  1703 | D:2      | 1703 ||| READING scroll labelled NAZUARCH ROXIDGH.
  1760 | D:3      | Found Ogueh's Antique Armour Shoppe.
  1782 | D:3      | 1782 ||| SHOPLISTING runed shadow dragon scales (2075 gold,
                  | have 143).
  1782 | D:3      | 1782 ||| SHOPLISTING shiny ring mail (175 gold, have 143).
  1897 | D:3      | 1897 ||| Stepping ~*~*~tactically~*~*~ (hiding).
  1898 | D:3      | 1898 ||| Stepping ~*~*~tactically~*~*~ (hiding).
  1901 | D:3      | Reached skill level 4 in Axes
  1901 | D:3      | 1901 ||| Stepping ~*~*~tactically~*~*~ (stealth).
  1913 | D:3      | 1913 ||| Stepping ~*~*~tactically~*~*~ (stealth).
  1914 | D:3      | 1914 ||| Stepping ~*~*~tactically~*~*~ (stealth).
  2122 | D:3      | Reached skill level 1 in Dodging
  2140 | D:3      | 2140 ||| FLEEEEING.
  2141 | D:3      | 2141 ||| FLEEEEING.
  2142 | D:3      | 2142 ||| FLEEEEING.
  2143 | D:3      | 2143 ||| FLEEEEING.
  2150 | D:3      | 2150 ||| FLEEEEING.
  2151 | D:3      | 2151 ||| FLEEEEING.
  2158 | D:3      | Reached XP level 5. HP: 10/32 MP: 4/4
  2158 | D:3      | HP: 8/32 [something (2)]
  2163 | D:3      | HP: 6/32 [orc wizard/+0 dagger (2)]
  2171 | D:3      | HP: 1/32 [worm (4)]
  2172 | D:3      | Slain by a worm

Levels and vault maps discovered:
D:1:      ebering_trefoil_twist, layout_loops_ring,
          shapermc_ecumenical_altar_mp_urbaneastern, serial_shops, shop,
          minmay_misc_feat_tower, minmay_misc_feat_diagonals
D:2:      layout_basic, minmay_cupped
D:3:      layout_rooms, cheibrodos_worm_habitat,
          nemelex_xobeh_ov_fountains_minmay, nicolae_overflow_hidden_temple,
          serial_shops, shop

Skill      XL: |  1  2  3  4 |
---------------+-------------+-----
Axes           | 2 3 4 |  4.8
Dodging        | 1 |  1.1
Fighting       | |  3.2
Armour         | |  3.2
Shields        | |  3.2

Action                   |  1- 3 |  4- 6 || total
-------------------------+-------+-------++-------
Melee: War axe           |    97 |    83 ||   180
Throw: Boomerang         |       |     7 ||     7
  Use: Scroll            |     5 |     1 ||     6
       Potion            |     2 |       ||     2
Armor: Scale mail        |    44 |    59 ||   103
Dodge: Dodged            |    42 |    33 ||    75
Block: Buckler           |     9 |    27 ||    36

Table legend:
 A = Non-vault XP
 B = Vault XP
 C = Vault XP percentage of total XP
 D = Non-vault monster count
 E = Vault monster count
 F = Vault count percentage of total count
                 A         B        C        D         E       F
            +---------+---------+-------+---------+---------+-------
      Total |     241 |       4 |   1.6 |      61 |       2 |   3.2
            +---------+---------+-------+---------+---------+-------
        D:1 |      32 |       0 |   0.0 |      19 |       0 |   0.0
        D:2 |      48 |       4 |   7.7 |      15 |       2 |  11.8
        D:3 |     161 |       0 |   0.0 |      27 |       0 |   0.0
            +---------+---------+-------+---------+---------+-------
